MLB
SAN DIEGO PADRES @ NEW YORK METS
07/16/2045
 
TOP OF THE 1ST
San Diego Padres batting - Pitching for New York Mets : RHP Chris Painter
Pitching: RHP Chris Painter
Batting: LHB Ryan Flynn Jr. 0-0: Swinging Strike
0-1: Swinging Strike
0-2: Ball
1-2: Strikes out swinging
Batting: LHB Per Meulengracht 0-0: Ball
1-0: Foul Ball, location: 2F
1-1: Called Strike
1-2: Foul Ball, location: 2F
1-2: Ball
2-2: Ball
3-2: Foul Ball, location: 2F
3-2: Fly out, F6 (Popup, 6S, EV 64.4 MPH)
Batting: RHB Chiel Palstermans 0-0: Ball
1-0: Foul Ball, location: 2F
1-1: Foul Ball, location: 2F
1-2: Ball
2-2: Ball
3-2: Base on Balls
Batting: LHB Mike Holt 0-0: Ball
1-0: Foul Ball, location: 2F
1-1: Ball
Chiel Palstermans steals 2nd base
2-1: Ground out 4-3 (Groundball, 4M, EV 78.8 MPH)
Top of the 1st over - 0 runs, 0 hits, 0 errors, 1 left on base; San Diego 0 - New York 0
BOTTOM OF THE 1ST
New York Mets batting - Pitching for San Diego Padres : LHP Jason Breeden
Pitching: LHP Jason Breeden
Batting: SHB Nelle van den Berg 0-0: Ball
1-0: Called Strike
1-1: Ball
2-1: SINGLE (Groundball, 5S, EV 62.5 MPH) (infield hit)
Batting: SHB Sean Cook 0-0: Called Strike
0-1: Ball
1-1: Reached on error, E1 (Groundball, 15S, EV 43.8 MPH)
Nelle van den Berg to third
Batting: LHB Kevin Bellman 0-0: Foul Ball, location: 2F
0-1: Foul Ball, location: 2F
0-2: Strikes out swinging
Batting: SHB Harry Hoop 0-0: Called Strike
0-1: Swinging Strike
0-2: Foul Ball, location: 2F
0-2: Foul Ball, location: 2F
0-2: Ball
1-2: Ball
2-2: Ball
3-2: Ground out 4-3 (Groundball, 34, EV 100.0 MPH)
Nelle van den Berg scores
Sean Cook to third
Batting: SHB Gus Berry 0-0: Ball
1-0: Called Strike
1-1: Swinging Strike
1-2: Ball
2-2: Foul Ball, location: 2F
2-2: Strikes out swinging
Bottom of the 1st over - 1 run, 1 hit, 1 error, 1 left on base; San Diego 0 - New York 1
TOP OF THE 2ND
San Diego Padres batting - Pitching for New York Mets : RHP Chris Painter
Batting: RHB Kevin Howard 0-0: Foul Ball, location: 2F
0-1: Swinging Strike
0-2: Foul Ball, location: 2F
0-2: Foul Ball, location: 2F
0-2: Fly out, F4 (Popup, 34D, EV 55.6 MPH)
Batting: LHB Aaron LeBlanc 0-0: Swinging Strike
0-1: Ball
1-1: DOUBLE (Flyball, 89D, EV 94.4 MPH)
Batting: RHB Jorge Severiano 0-0: Called Strike
0-1: Called Strike
0-2: Ball
1-2: Strikes out swinging
Batting: RHB Alois Wollf 0-0: Ball
1-0: Called Strike
1-1: Ground out 1-3 (Groundball, 15, EV 71.9 MPH)
Top of the 2nd over - 0 runs, 1 hit, 0 errors, 1 left on base; San Diego 0 - New York 1
BOTTOM OF THE 2ND
New York Mets batting - Pitching for San Diego Padres : LHP Jason Breeden
Batting: RHB Jesus Chavez 0-0: Ball
1-0: Ball
2-0: Foul Ball, location: 2F
2-1: Ball
3-1: Base on Balls
Batting: SHB Roberto Magne 0-0: Ball
1-0: 2-RUN HOME RUN (Flyball, 7D, EV 95.0 MPH), Distance : 361 ft
Batting: SHB Javy Rosa 0-0: Ball
1-0: Called Strike
1-1: Fly out, F5 (Flyball, 5D, EV 90.6 MPH)
Batting: SHB Jonathan Jenkins 0-0: Called Strike
0-1: Ball
1-1: Foul Ball, location: 2F
1-2: Strikes out swinging
Batting: SHB Nelle van den Berg 0-0: Ball
1-0: Foul Ball, location: 2F
1-1: Foul Ball, location: 2F
1-2: Ball
2-2: Foul Ball, location: 2F
2-2: Foul Ball, location: 2F
2-2: Ball
3-2: Foul Ball, location: 2F
3-2: TRIPLE (Line Drive, 9LD, EV 107.5 MPH)
Batting: SHB Sean Cook 0-0: Ball
1-0: Called Strike
1-1: Ball
2-1: Foul Ball, location: 2F
2-2: Strikes out looking
Bottom of the 2nd over - 2 runs, 2 hits, 0 errors, 1 left on base; San Diego 0 - New York 3
TOP OF THE 3RD
San Diego Padres batting - Pitching for New York Mets : RHP Chris Painter
Batting: RHB Jose Morrissey 0-0: Ball
1-0: Foul Ball, location: 2F
1-1: Ball
2-1: Ball
3-1: Fly out, F7 (Flyball, 7LM, EV 103.8 MPH)
Batting: LHB Ryan Flynn Jr. 0-0: Ball
1-0: Foul Ball, location: 2F
1-1: Ball
2-1: Fly out, F8 (Flyball, 8RD, EV 98.8 MPH)
Batting: LHB Per Meulengracht 0-0: Foul Ball, location: 2F
0-1: Ground out U3 (Groundball, 3S, EV 61.9 MPH)
Top of the 3rd over - 0 runs, 0 hits, 0 errors, 0 left on base; San Diego 0 - New York 3
BOTTOM OF THE 3RD
New York Mets batting - Pitching for San Diego Padres : LHP Jason Breeden
Batting: LHB Kevin Bellman 0-0: Foul Ball, location: 2F
0-1: Ball
1-1: Fly out, F9 (Flyball, 9S, EV 84.4 MPH)
Batting: SHB Harry Hoop 0-0: Ball
1-0: Foul Ball, location: 2F
1-1: Called Strike
1-2: Ground out 4-3 (Groundball, 4S, EV 90.6 MPH)
Batting: SHB Gus Berry 0-0: Foul Ball, location: 2F
0-1: SINGLE (Line Drive, 9LS, EV 88.8 MPH)
Batting: RHB Jesus Chavez 0-0: Fly out, F7 (Line Drive, 7, EV 103.1 MPH)
Bottom of the 3rd over - 0 runs, 1 hit, 0 errors, 1 left on base; San Diego 0 - New York 3
TOP OF THE 4TH
San Diego Padres batting - Pitching for New York Mets : RHP Chris Painter
Batting: RHB Chiel Palstermans 0-0: Called Strike
0-1: Foul Ball, location: 2F
0-2: Ball
1-2: Foul Ball, location: 2F
1-2: Ball
2-2: Foul Ball, location: 2F
2-2: Foul Ball, location: 2F
2-2: Ball
3-2: SINGLE (Groundball, 4M, EV 108.1 MPH) (infield hit)
Batting: LHB Mike Holt 0-0: Ball
Chiel Palstermans is caught stealing 2nd base 2-6
1-0: Ball
2-0: Called Strike
2-1: Ball
3-1: Base on Balls
Batting: RHB Kevin Howard 0-0: Ball
1-0: Grounds into double play, 4-6-3 (Groundball, 4, EV 107.5 MPH)
Top of the 4th over - 0 runs, 1 hit, 0 errors, 0 left on base; San Diego 0 - New York 3
BOTTOM OF THE 4TH
New York Mets batting - Pitching for San Diego Padres : LHP Jason Breeden
Batting: SHB Roberto Magne 0-0: Ball
1-0: Ball
2-0: SINGLE (Line Drive, 7LS, EV 106.9 MPH)
Batting: SHB Javy Rosa 0-0: Called Strike
0-1: Called Strike
0-2: Foul Ball, location: 2F
0-2: Ball
1-2: Ball
2-2: Fly out, F7 (Line Drive, 7D, EV 97.5 MPH)
Batting: SHB Jonathan Jenkins 0-0: Ball
1-0: Foul Ball, location: 2F
1-1: Foul Ball, location: 2F
1-2: Strikes out looking
Batting: SHB Nelle van den Berg 0-0: Ball
1-0: Ball
2-0: Ball
3-0: Called Strike
3-1: Base on Balls
Roberto Magne to second
Batting: SHB Sean Cook 0-0: Called Strike
0-1: Swinging Strike
0-2: Ball
1-2: Strikes out swinging
Bottom of the 4th over - 0 runs, 1 hit, 0 errors, 2 left on base; San Diego 0 - New York 3
TOP OF THE 5TH
San Diego Padres batting - Pitching for New York Mets : RHP Chris Painter
Batting: LHB Aaron LeBlanc 0-0: Foul Ball, location: 2F
0-1: Swinging Strike
0-2: Strikes out swinging
Batting: RHB Jorge Severiano 0-0: Called Strike
0-1: Fly out, F8 (Flyball, 8LM, EV 95.6 MPH)
Batting: RHB Alois Wollf 0-0: Fly out, F7 (Line Drive, 7D, EV 91.9 MPH)
Top of the 5th over - 0 runs, 0 hits, 0 errors, 0 left on base; San Diego 0 - New York 3
BOTTOM OF THE 5TH
New York Mets batting - Pitching for San Diego Padres : LHP Jason Breeden
Batting: LHB Kevin Bellman 0-0: Called Strike
0-1: Ball
1-1: Ball
2-1: Ball
3-1: SOLO HOME RUN (Flyball, 9LD, EV 95.0 MPH), Distance : 340 ft
Batting: SHB Harry Hoop 0-0: Ball
1-0: Ball
2-0: Ball
3-0: Called Strike
3-1: Base on Balls
Batting: SHB Gus Berry 0-0: Swinging Strike
0-1: Called Strike
0-2: Ball
1-2: Fly out, F7 (Flyball, 78D, EV 93.1 MPH)
Batting: RHB Jesus Chavez 0-0: Ball
1-0: Called Strike
1-1: Ball
2-1: Swinging Strike
2-2: Fly out, F3 (Popup, 3L, EV 71.2 MPH)
Batting: SHB Roberto Magne 0-0: Called Strike
0-1: Ball
1-1: Ball
2-1: DOUBLE (Line Drive, 7LS, EV 93.8 MPH)
Harry Hoop to third
Runner from 3rd tries for Home, SAFE, no throw by LF
Pitching: RHP Bobby Mauk
Batting: SHB Javy Rosa 0-0: Ball
1-0: Swinging Strike
1-1: Called Strike
1-2: Foul Ball, location: 2F
1-2: Ball
2-2: Ground out 4-3 (Groundball, 4, EV 87.5 MPH)
Bottom of the 5th over - 2 runs, 2 hits, 0 errors, 1 left on base; San Diego 0 - New York 5
TOP OF THE 6TH
San Diego Padres batting - Pitching for New York Mets : RHP Chris Painter
Batting: RHB Jose Morrissey 0-0: Ground out 6-3 (Groundball, 6, EV 85.6 MPH)
Batting: LHB Ryan Flynn Jr. 0-0: Ball
1-0: Called Strike
1-1: Swinging Strike
1-2: Ball
2-2: Foul Ball, location: 2F
2-2: SOLO HOME RUN (Flyball, 89XD, EV 113.1 MPH), Distance : 415 ft
Batting: LHB Per Meulengracht 0-0: Called Strike
0-1: Ball
1-1: Ball
2-1: Ball
3-1: Base on Balls
Batting: RHB Chiel Palstermans 0-0: Foul Ball, location: 2F
0-1: Grounds into double play, 6-4-3 (Groundball, 6, EV 86.9 MPH)
Top of the 6th over - 1 run, 1 hit, 0 errors, 0 left on base; San Diego 1 - New York 5
BOTTOM OF THE 6TH
New York Mets batting - Pitching for San Diego Padres : RHP Bobby Mauk
Batting: SHB Jonathan Jenkins 0-0: Called Strike
0-1: Foul Ball, location: 2F
0-2: Foul Ball, location: 2F
0-2: Foul Ball, location: 2F
0-2: DOUBLE (Flyball, 8RXD, EV 93.1 MPH)
Batting: SHB Nelle van den Berg 0-0: Ball
1-0: Called Strike
1-1: Ground out U3 (Groundball, 3S, EV 90.6 MPH)
Jonathan Jenkins to third
Batting: SHB Sean Cook 0-0: Foul Ball, location: 2F
0-1: Foul Ball, location: 2F
0-2: Ball
1-2: Foul Ball, location: 2F
1-2: Ball
2-2: Ball
3-2: SINGLE (Flyball, 8LS, EV 91.2 MPH)
Jonathan Jenkins scores
Batting: LHB Kevin Bellman 0-0: Foul Ball, location: 2F
0-1: Fly out, F8 (Flyball, 8LD, EV 89.4 MPH)
Pitching: LHP Ricardo Chavez
Batting: SHB Harry Hoop 0-0: Foul Ball, location: 2F
0-1: Ball
1-1: Ball
2-1: Fly out, F9 (Flyball, 9D, EV 91.2 MPH)
Bottom of the 6th over - 1 run, 2 hits, 0 errors, 1 left on base; San Diego 1 - New York 6
TOP OF THE 7TH
San Diego Padres batting - Pitching for New York Mets : RHP Chris Painter
Batting: LHB Mike Holt 0-0: Ball
1-0: Called Strike
1-1: Ball
2-1: Ball
3-1: SOLO HOME RUN (Flyball, 89XD, EV 108.1 MPH), Distance : 451 ft
Batting: RHB Kevin Howard 0-0: Swinging Strike
0-1: Swinging Strike
0-2: Ball
1-2: Foul Ball, location: 2F
1-2: Strikes out swinging
Batting: LHB Aaron LeBlanc 0-0: Called Strike
0-1: Swinging Strike
0-2: Ball
1-2: Ball
2-2: Ground out 4-3 (Groundball, 4M, EV 97.5 MPH)
Batting: RHB Jorge Severiano 0-0: Ground out 6-3 (Groundball, 6, EV 80.6 MPH)
Top of the 7th over - 1 run, 1 hit, 0 errors, 0 left on base; San Diego 2 - New York 6
BOTTOM OF THE 7TH
New York Mets batting - Pitching for San Diego Padres : LHP Ricardo Chavez
Batting: SHB Gus Berry 0-0: Called Strike
0-1: Called Strike
0-2: Strikes out swinging
Batting: RHB Jesus Chavez 0-0: Ball
1-0: Fly out, F8 (Flyball, 8RD, EV 105.0 MPH)
Batting: SHB Roberto Magne 0-0: Ball
1-0: Ball
2-0: Ball
3-0: Called Strike
3-1: Base on Balls
Batting: SHB Javy Rosa 0-0: Ball
1-0: Ball
2-0: Called Strike
2-1: Foul Ball, location: 2F
2-2: Foul Ball, location: 2F
2-2: Ball
3-2: Foul Ball, location: 2F
3-2: Foul Ball, location: 2F
3-2: Base on Balls
Roberto Magne to second
Batting: SHB Jonathan Jenkins 0-0: Foul Ball, location: 2F
0-1: Foul Ball, location: 2F
0-2: Strikes out swinging
Bottom of the 7th over - 0 runs, 0 hits, 0 errors, 2 left on base; San Diego 2 - New York 6
TOP OF THE 8TH
San Diego Padres batting - Pitching for New York Mets : RHP Chris Painter
Pitching: LHP Sam Schrecengost
Batting: RHB Alois Wollf 0-0: Ball
1-0: Swinging Strike
1-1: Foul Ball, location: 2F
1-2: Ball
2-2: Strikes out swinging
Batting: RHB Jose Morrissey 0-0: Foul Ball, location: 2F
0-1: SOLO HOME RUN (Flyball, 9D, EV 98.1 MPH), Distance : 387 ft
Batting: LHB Ryan Flynn Jr. 0-0: SINGLE (Flyball, 34D, EV 86.2 MPH)
Batting: LHB Per Meulengracht 0-0: Foul Ball, location: 2F
0-1: Foul Ball, location: 2F
0-2: Ball
1-2: Foul Ball, location: 2F
1-2: Ball
2-2: SINGLE (Line Drive, 78M, EV 107.5 MPH)
Ryan Flynn Jr. to second
Batting: RHB Chiel Palstermans 0-0: Foul Ball, location: 2F
0-1: Called Strike
0-2: Foul Ball, location: 2F
0-2: Strikes out swinging
Pinch Hitting: RHB Carlos Reyes 0-0: Ball
1-0: Called Strike
1-1: Foul Ball, location: 2F
1-2: Ball
2-2: Ball
3-2: 3-RUN HOME RUN (Flyball, 7LD, EV 93.8 MPH), Distance : 346 ft
Pitching: RHP Ben Dicks
Batting: RHB Kevin Howard 0-0: Foul Ball, location: 2F
0-1: Ball
1-1: Foul Ball, location: 2F
1-2: Foul Ball, location: 2F
1-2: Ball
2-2: Foul Ball, location: 2F
2-2: Fly out, F9 (Flyball, 9D, EV 85.6 MPH)
Top of the 8th over - 4 runs, 4 hits, 0 errors, 0 left on base; San Diego 6 - New York 6
BOTTOM OF THE 8TH
New York Mets batting - Pitching for San Diego Padres : LHP Ricardo Chavez
Pitching: LHP Nick Martin
Now in RF: Carlos Reyes
Batting: SHB Nelle van den Berg 0-0: Ball
1-0: Swinging Strike
1-1: Ball
2-1: Called Strike
2-2: Ground out 6-3 (Groundball, 6M, EV 99.4 MPH)
Batting: SHB Sean Cook 0-0: Called Strike
0-1: Ball
1-1: Ball
2-1: Ball
3-1: Foul Ball, location: 2F
3-2: Strikes out swinging
Batting: LHB Kevin Bellman 0-0: Ground out 6-3 (Groundball, 6, EV 92.5 MPH)
Bottom of the 8th over - 0 runs, 0 hits, 0 errors, 0 left on base; San Diego 6 - New York 6
TOP OF THE 9TH
San Diego Padres batting - Pitching for New York Mets : RHP Ben Dicks
Batting: LHB Aaron LeBlanc 0-0: Ground out 4-3 (Groundball, 4M, EV 81.9 MPH)
Batting: RHB Jorge Severiano 0-0: Ball
1-0: Ball
2-0: Ball
3-0: Called Strike
3-1: Base on Balls
Pinch Hitting: SHB Jerry Luckwell 0-0: Ball
1-0: Ball
Wild Pitch!
Jorge Severiano to second
2-0: Intentional Walk
Batting: RHB Jose Morrissey 0-0: Ball
1-0: Ball
2-0: Fly out, F8 (Flyball, 8LD, EV 100.0 MPH)
Runner from 2nd tags up, SAFE at 3rd with throw by CF
Batting: LHB Ryan Flynn Jr. 0-0: Ground out U3 (Groundball, 3, EV 109.4 MPH)
Top of the 9th over - 0 runs, 0 hits, 0 errors, 2 left on base; San Diego 6 - New York 6
BOTTOM OF THE 9TH
New York Mets batting - Pitching for San Diego Padres : LHP Nick Martin
Pitching: LHP Klaus Qvist
Now at 2B: Jerry Luckwell
Batting: SHB Harry Hoop 0-0: Ball
1-0: Foul Ball, location: 2F
1-1: Foul Ball, location: 2F
1-2: Fly out, F4 (Popup, 34D, EV 60.6 MPH)
Pitching: RHP Raul Almonte
Batting: SHB Gus Berry 0-0: Ball
1-0: Swinging Strike
1-1: Foul Ball, location: 2F
1-2: Ball
2-2: SINGLE (Groundball, 4MD, EV 96.9 MPH)
Batting: RHB Jesus Chavez Pickoff Throw to First - Out! 1-3
0-0: Called Strike
0-1: Ball
1-1: Foul Ball, location: 2F
1-2: Foul Ball, location: 2F
1-2: Ball
2-2: Foul Ball, location: 2F
2-2: Foul Ball, location: 2F
2-2: Ball
3-2: Fly out, F9 (Flyball, 9LD, EV 81.9 MPH)
Bottom of the 9th over - 0 runs, 1 hit, 0 errors, 0 left on base; San Diego 6 - New York 6
TOP OF THE 10TH
San Diego Padres batting - Pitching for New York Mets : RHP Ben Dicks
Pitching: LHP Xu-gang Zhou
Batting: LHB Per Meulengracht 0-0: Called Strike
0-1: Swinging Strike
0-2: Foul Ball, location: 2F
0-2: Foul Ball, location: 2F
0-2: Fly out, F9 (Flyball, 89D, EV 93.1 MPH)
Batting: RHB Chiel Palstermans 0-0: Ball
1-0: Ground out 1-6-3 (Groundball, 15S, EV 100.6 MPH)
Batting: RHB Carlos Reyes 0-0: Called Strike
0-1: Ball
1-1: Foul Ball, location: 2F
1-2: Foul Ball, location: 2F
1-2: Ground out 5-3 (Groundball, 56S, EV 90.0 MPH)
Top of the 10th over - 0 runs, 0 hits, 0 errors, 0 left on base; San Diego 6 - New York 6
BOTTOM OF THE 10TH
New York Mets batting - Pitching for San Diego Padres : RHP Raul Almonte
Pitching: RHP Jack Overbeek
Batting: SHB Roberto Magne 0-0: Ball
1-0: Ball
2-0: Ball
3-0: Fly out, F7 (Line Drive, 7, EV 110.6 MPH)
Batting: SHB Javy Rosa 0-0: Called Strike
0-1: Swinging Strike
0-2: Fly out, F7 (Line Drive, 7, EV 90.6 MPH)
Batting: SHB Jonathan Jenkins 0-0: Ball
1-0: Foul Ball, location: 2F
1-1: Hit by Pitch
Batting: SHB Nelle van den Berg 0-0: Foul Ball, location: 2F
0-1: Ground out 4-3 (Groundball, 4, EV 85.6 MPH)
Bottom of the 10th over - 0 runs, 0 hits, 0 errors, 1 left on base; San Diego 6 - New York 6
TOP OF THE 11TH
San Diego Padres batting - Pitching for New York Mets : LHP Xu-gang Zhou
Batting: RHB Kevin Howard 0-0: Ball
1-0: Ball
2-0: Ball
3-0: Base on Balls
Batting: LHB Aaron LeBlanc Pickoff Throw to First - Out! 1-3
0-0: Ball
1-0: Foul Ball, location: 2F
1-1: Called Strike
1-2: Ball
2-2: Ball
3-2: Foul Ball, location: 2F
3-2: Foul Ball, location: 2F
3-2: Base on Balls
Batting: RHB Jorge Severiano 0-0: Ball
1-0: Ball
2-0: Foul Ball, location: 2F
2-1: Ball
3-1: Fly out, F8 (Flyball, 8LM, EV 86.9 MPH)
Batting: SHB Jerry Luckwell 0-0: Foul Ball, location: 2F
0-1: Ball
1-1: Swinging Strike
1-2: DOUBLE (Flyball, 89XD, EV 115.0 MPH)
Aaron LeBlanc to third
Runner from 3rd tries for Home, throw by CF and OUT! 8-4-2
Top of the 11th over - 0 runs, 1 hit, 0 errors, 1 left on base; San Diego 6 - New York 6
BOTTOM OF THE 11TH
New York Mets batting - Pitching for San Diego Padres : RHP Jack Overbeek
Batting: SHB Sean Cook 0-0: Called Strike
0-1: Ball
1-1: Ball
2-1: Foul Ball, location: 2F
2-2: Ball
3-2: Fly out, F8 (Flyball, 8RS, EV 84.4 MPH)
Batting: LHB Kevin Bellman 0-0: Ball
1-0: Ball
2-0: Foul Ball, location: 2F
2-1: Foul Ball, location: 2F
2-2: Foul Ball, location: 2F
2-2: Fly out, F1 (Line Drive, P, EV 71.9 MPH)
Batting: SHB Harry Hoop 0-0: Swinging Strike
0-1: Ground out 6-3 (Groundball, 6, EV 100.6 MPH)
Bottom of the 11th over - 0 runs, 0 hits, 0 errors, 0 left on base; San Diego 6 - New York 6
TOP OF THE 12TH
San Diego Padres batting - Pitching for New York Mets : LHP Xu-gang Zhou
Pitching: LHP Chris Thurner
Batting: RHB Jose Morrissey 0-0: DOUBLE (Line Drive, 89M, EV 93.1 MPH)
Batting: LHB Ryan Flynn Jr. 0-0: SINGLE (Line Drive, 9S, EV 93.8 MPH)
Jose Morrissey to third
Batting: LHB Per Meulengracht 0-0: Called Strike
Ryan Flynn Jr. steals 2nd base (no throw)
0-1: SINGLE (Line Drive, 9S, EV 111.9 MPH)
Jose Morrissey scores
Ryan Flynn Jr. to third
Batting: RHB Chiel Palstermans 0-0: Ball
1-0: Ball
2-0: Called Strike
2-1: Fly out, F8 (Flyball, 8LD, EV 105.6 MPH)
Runner from 3rd tags up, SCORES, throw by CF
Batting: RHB Carlos Reyes 0-0: Ball
1-0: Foul Ball, location: 2F
1-1: Ball
2-1: Ball
3-1: Base on Balls
Per Meulengracht to second
Batting: RHB Kevin Howard 0-0: Ball
1-0: Swinging Strike
1-1: Foul Ball, location: 2F
1-2: Foul Ball, location: 2F
1-2: Strikes out looking
Batting: LHB Aaron LeBlanc 0-0: 3-RUN HOME RUN (Flyball, 78XD, EV 105.0 MPH), Distance : 416 ft
Pitching: LHP Jose Vega
Batting: RHB Jorge Severiano 0-0: Called Strike
0-1: Called Strike
0-2: Ball
1-2: Foul Ball, location: 2F
1-2: SINGLE (Line Drive, 89S, EV 101.9 MPH)
Batting: SHB Jerry Luckwell 0-0: Ball
1-0: Called Strike
1-1: Ball
2-1: Fly out, F8 (Flyball, 8LM, EV 83.1 MPH)
Top of the 12th over - 5 runs, 5 hits, 0 errors, 1 left on base; San Diego 11 - New York 6
BOTTOM OF THE 12TH
New York Mets batting - Pitching for San Diego Padres : RHP Jack Overbeek
Batting: SHB Gus Berry 0-0: Foul Ball, location: 2F
0-1: Foul Ball, location: 2F
0-2: Ball
1-2: Foul Ball, location: 2F
1-2: Foul Ball, location: 2F
1-2: Ball
2-2: Ground out 1-3 (Groundball, 15S, EV 65.6 MPH)
Batting: RHB Jesus Chavez 0-0: Ball
1-0: Called Strike
1-1: Ball
2-1: Foul Ball, location: 2F
2-2: Ground out 3-1 (Groundball, 34, EV 90.6 MPH)
Batting: SHB Roberto Magne 0-0: Ball
1-0: Ball
2-0: Ball
3-0: Called Strike
3-1: Ground out 4-3 (Groundball, 4, EV 107.5 MPH)
Bottom of the 12th over - 0 runs, 0 hits, 0 errors, 0 left on base; San Diego 11 - New York 6
Wednesday, June 22nd , 2022 - OOTP Baseball 23.4 Build 64